NCAA
MISSISSIPPI STATE BULLDOGS @ KANSAS JAYHAWKS
04/08/2023
 
TOP OF THE 1ST
Mississippi State Bulldogs batting - Pitching for Kansas Jayhawks : LHP Ricardo González
Pitching: LHP Ricardo González
Batting: RHB Irving Galloway 0-0: Called Strike
0-1: Swinging Strike
0-2: Ball
1-2: Ball
2-2: Strikes out looking
Batting: RHB Ken McDonald 0-0: SINGLE (Line Drive, 4D)
Batting: RHB Peter Griffith 0-0: Called Strike
0-1: Fly out, F8 (Flyball, 8LM)
Batting: RHB Werner Watkins 0-0: Ball
1-0: Hit by Pitch
Ken McDonald to second
Batting: RHB Steve Baird 0-0: Called Strike
0-1: Ball
1-1: Foul Ball, location: 2F
1-2: Ball
2-2: Foul Ball, location: 2F
2-2: Strikes out swinging
Top of the 1st over - 0 run(s), 1 hit(s), 0 error(s), 2 left on base; Mississippi State 0 - Kansas 0
BOTTOM OF THE 1ST
Kansas Jayhawks batting - Pitching for Mississippi State Bulldogs : RHP Marshall Peterson
Pitching: RHP Marshall Peterson
Batting: SHB Rudy Ryan 0-0: Called Strike
0-1: Fly out, F8 (Popup, 8LS)
Batting: RHB Domingo Hernández 0-0: Called Strike
0-1: Ball
1-1: SOLO HOME RUN (Flyball, 78XD), Distance : 367 ft
Batting: LHB Juan Mendoza 0-0: Foul Ball, location: 2F
0-1: Fly out, F8 (Flyball, 78M)
Batting: LHB Robert Moore 0-0: Called Strike
0-1: Ball
1-1: Ball
2-1: Ball
3-1: Foul Ball, location: 2F
3-2: Base on Balls
Batting: LHB Greg Nelson 0-0: Ground out 1-3 (Groundball, 23)
Bottom of the 1st over - 1 run(s), 1 hit(s), 0 error(s), 1 left on base; Mississippi State 0 - Kansas 1
TOP OF THE 2ND
Mississippi State Bulldogs batting - Pitching for Kansas Jayhawks : LHP Ricardo González
Batting: LHB Beau Williams 0-0: Foul Ball, location: 2F
0-1: Foul Ball, location: 2F
0-2: Foul Ball, location: 2F
0-2: Strikes out swinging
Batting: SHB Jesse Miller 0-0: Called Strike
0-1: Swinging Strike
0-2: Foul Ball, location: 2F
0-2: Ball
1-2: Ball
2-2: Ground out 6-3 (Groundball, 6M)
Batting: RHB Dan Stephens 0-0: SINGLE (Flyball, 9S)
Batting: RHB Tony Harris 0-0: Ball
1-0: Ball
2-0: Called Strike
2-1: Fly out, F8 (Flyball, 8LM)
Top of the 2nd over - 0 run(s), 1 hit(s), 0 error(s), 1 left on base; Mississippi State 0 - Kansas 1
BOTTOM OF THE 2ND
Kansas Jayhawks batting - Pitching for Mississippi State Bulldogs : RHP Marshall Peterson
Batting: RHB Richie Miller 0-0: Ball
1-0: Foul Ball, location: 2F
1-1: Foul Ball, location: 2F
1-2: Ground out 1-3 (Groundball, 15S)
Batting: LHB Milo Powers 0-0: Swinging Strike
0-1: Ball
1-1: SINGLE (Line Drive, 78S)
Batting: LHB John Christopher 0-0: Ball
1-0: Ball
2-0: Called Strike
2-1: Ball
3-1: Base on Balls
Milo Powers to second
Batting: RHB Dave Harris 0-0: Called Strike
0-1: Ball
1-1: Fly out, F9 (Flyball, 9M)
Batting: SHB Rudy Ryan 0-0: Ball
1-0: Ball
Wild Pitch!
Milo Powers to third
John Christopher to second
2-0: Called Strike
2-1: Ball
3-1: Fly out, F9 (Flyball, 9M)
Bottom of the 2nd over - 0 run(s), 1 hit(s), 0 error(s), 2 left on base; Mississippi State 0 - Kansas 1
TOP OF THE 3RD
Mississippi State Bulldogs batting - Pitching for Kansas Jayhawks : LHP Ricardo González
Batting: RHB Irving Galloway 0-0: Ball
1-0: Called Strike
1-1: Ball
2-1: Swinging Strike
2-2: Strikes out swinging
Batting: RHB Ken McDonald 0-0: Ball
1-0: SINGLE (Groundball, 56D)
Batting: RHB Peter Griffith 0-0: Ball
1-0: Fly out, F9 (Flyball, 89M)
Batting: RHB Werner Watkins 0-0: Ball
1-0: Fly out, F9 (Flyball, 9M)
Top of the 3rd over - 0 run(s), 1 hit(s), 0 error(s), 1 left on base; Mississippi State 0 - Kansas 1
BOTTOM OF THE 3RD
Kansas Jayhawks batting - Pitching for Mississippi State Bulldogs : RHP Marshall Peterson
Batting: RHB Domingo Hernández 0-0: Ball
1-0: Called Strike
1-1: Fly out, F7 (Flyball, 78M)
Batting: LHB Juan Mendoza 0-0: Fly out, F8 (Flyball, 8RM)
Batting: LHB Robert Moore 0-0: Called Strike
0-1: Ball
1-1: Ball
2-1: Fly out, F8 (Flyball, 8LD)
Bottom of the 3rd over - 0 run(s), 0 hit(s), 0 error(s), 0 left on base; Mississippi State 0 - Kansas 1
TOP OF THE 4TH
Mississippi State Bulldogs batting - Pitching for Kansas Jayhawks : LHP Ricardo González
Batting: RHB Steve Baird 0-0: Fly out, F8 (Line Drive, 8RM)
Batting: LHB Beau Williams 0-0: Ball
1-0: Ball
2-0: Foul Ball, location: 2F
2-1: Called Strike
2-2: Ball
3-2: Foul Ball, location: 2F
3-2: Strikes out looking
Batting: SHB Jesse Miller 0-0: Swinging Strike
0-1: Ball
1-1: Foul Ball, location: 2F
1-2: Ball
2-2: Strikes out swinging
Top of the 4th over - 0 run(s), 0 hit(s), 0 error(s), 0 left on base; Mississippi State 0 - Kansas 1
BOTTOM OF THE 4TH
Kansas Jayhawks batting - Pitching for Mississippi State Bulldogs : RHP Marshall Peterson
Batting: LHB Greg Nelson 0-0: Called Strike
0-1: Swinging Strike
0-2: Foul Ball, location: 2F
0-2: Foul Ball, location: 2F
0-2: Ball
1-2: DOUBLE (Groundball, 3L)
Batting: RHB Richie Miller 0-0: SINGLE (Line Drive, 9S)
Greg Nelson to third
Batting: LHB Milo Powers 0-0: DOUBLE (Line Drive, 5D)
Greg Nelson scores
Richie Miller to third
Batting: LHB John Christopher 0-0: SINGLE (Line Drive, 6D)
Richie Miller scores
Milo Powers to third
Pitching: RHP Jim Piper
Batting: RHB Dave Harris 0-0: Ball
John Christopher is caught stealing 2nd base
1-0: Foul Ball, location: 2F
1-1: Ground out 5-3 (Groundball, 5)
Batting: SHB Rudy Ryan 0-0: Fly out, F8 (Flyball, 8LM)
Bottom of the 4th over - 2 run(s), 4 hit(s), 0 error(s), 1 left on base; Mississippi State 0 - Kansas 3
TOP OF THE 5TH
Mississippi State Bulldogs batting - Pitching for Kansas Jayhawks : LHP Ricardo González
Batting: RHB Dan Stephens 0-0: Called Strike
0-1: Ball
1-1: Ball
2-1: Ground out 6-3 (Groundball, 6M)
Batting: RHB Tony Harris 0-0: Ball
1-0: SINGLE (Line Drive, 8LS)
Batting: RHB Irving Galloway 0-0: Swinging Strike
0-1: Fielders Choice at 2nd, 6-4 (Groundball, 6)
Batting: RHB Ken McDonald 0-0: Ball
1-0: Ball
2-0: Ball
3-0: Called Strike
Pickoff Throw by Catcher to First - Error! E2
Irving Galloway to second
3-1: Foul Ball, location: 2F
3-2: Fly out, F9 (Flyball, 89M)
Top of the 5th over - 0 run(s), 1 hit(s), 1 error(s), 1 left on base; Mississippi State 0 - Kansas 3
BOTTOM OF THE 5TH
Kansas Jayhawks batting - Pitching for Mississippi State Bulldogs : RHP Jim Piper
Batting: RHB Domingo Hernández 0-0: Ball
1-0: Called Strike
1-1: Fly out, F6 (Line Drive, 6)
Batting: LHB Juan Mendoza 0-0: Ground out 4-3 (Groundball, 4M)
Batting: LHB Robert Moore 0-0: SOLO HOME RUN (Line Drive, 9LD), Distance : 316 ft
Batting: LHB Greg Nelson 0-0: Called Strike
0-1: Called Strike
0-2: Strikes out looking
Bottom of the 5th over - 1 run(s), 1 hit(s), 0 error(s), 0 left on base; Mississippi State 0 - Kansas 4
TOP OF THE 6TH
Mississippi State Bulldogs batting - Pitching for Kansas Jayhawks : LHP Ricardo González
Batting: RHB Peter Griffith 0-0: Called Strike
0-1: Fly out, F9 (Flyball, 9M)
Batting: RHB Werner Watkins 0-0: Foul Ball, location: 2F
0-1: Called Strike
0-2: Ball
1-2: Strikes out looking
Batting: RHB Steve Baird 0-0: Called Strike
0-1: Ball
1-1: Ball
2-1: SINGLE (Line Drive, 89S)
Batting: LHB Beau Williams 0-0: Called Strike
0-1: Ground out 4-3 (Groundball, 4)
Top of the 6th over - 0 run(s), 1 hit(s), 0 error(s), 1 left on base; Mississippi State 0 - Kansas 4
BOTTOM OF THE 6TH
Kansas Jayhawks batting - Pitching for Mississippi State Bulldogs : RHP Jim Piper
Batting: RHB Richie Miller 0-0: SOLO HOME RUN (Flyball, 7D), Distance : 347 ft
Batting: LHB Milo Powers 0-0: Fly out, F8 (Flyball, 8LM)
Batting: LHB John Christopher 0-0: Called Strike
0-1: Ball
1-1: Foul Ball, location: 2F
1-2: Ball
2-2: Ball
3-2: Base on Balls
Batting: RHB Dave Harris 0-0: Ball
John Christopher steals 2nd base
1-0: Called Strike
John Christopher is caught stealing 3rd base
1-1: Called Strike
1-2: Ground out 5-3 (Groundball, 5L)
Bottom of the 6th over - 1 run(s), 1 hit(s), 0 error(s), 0 left on base; Mississippi State 0 - Kansas 5
TOP OF THE 7TH
Mississippi State Bulldogs batting - Pitching for Kansas Jayhawks : LHP Ricardo González
Pitching: RHP William Houston
Batting: SHB Jesse Miller 0-0: Called Strike
0-1: DOUBLE (Line Drive, 7LM)
Batting: RHB Dan Stephens 0-0: Ball
1-0: Ground out 6-3 (Groundball, 6)
Batting: RHB Tony Harris 0-0: Foul Ball, location: 2F
0-1: SINGLE (Line Drive, 34D)
Jesse Miller to third
Batting: RHB Irving Galloway 0-0: Ball
1-0: Ball
2-0: Ball
3-0: Called Strike
3-1: Base on Balls
Tony Harris to second
Batting: RHB Ken McDonald 0-0: Called Strike
0-1: Ball
Wild Pitch!
Jesse Miller scores
Tony Harris to third
Irving Galloway to second
1-1: Foul Ball, location: 2F
1-2: Foul Ball, location: 2F
1-2: Ball
2-2: Strikes out swinging
Batting: RHB Peter Griffith 0-0: Foul Ball, location: 2F
0-1: Swinging Strike
0-2: Foul Ball, location: 2F
0-2: Ball
1-2: SINGLE (Line Drive, 4MD)
Tony Harris scores
Irving Galloway to third
Runner from 3rd tries for Home, SAFE, no throw or cutoff
Pitching: RHP Bill Wallace
Batting: RHB Werner Watkins 0-0: Ball
Wild Pitch!
Peter Griffith to second
1-0: Called Strike
1-1: Ground out 4-3 (Groundball, 4)
Top of the 7th over - 3 run(s), 3 hit(s), 0 error(s), 1 left on base; Mississippi State 3 - Kansas 5
BOTTOM OF THE 7TH
Kansas Jayhawks batting - Pitching for Mississippi State Bulldogs : RHP Jim Piper
Pitching: RHP Terry Shaw
Batting: SHB Rudy Ryan 0-0: SINGLE (Groundball, 4M)
Batting: RHB Domingo Hernández 0-0: Called Strike
Rudy Ryan steals 2nd base
0-1: Ball
1-1: Ball
2-1: Foul Ball, location: 2F
2-2: Ball
3-2: Foul Ball, location: 2F
3-2: Ground out 5-3 (Groundball, 56)
Batting: LHB Juan Mendoza 0-0: Intentional Walk
Batting: LHB Robert Moore 0-0: Called Strike
Rudy Ryan steals 3rd base
Juan Mendoza to second
0-1: Called Strike
This league is powered by Out of the Park Baseball, the baseball management simulation game for PC, Mac and Linux
Wednesday, December 2nd, 2015 - OOTP Baseball 16.8 Build 38